3A
LOUISIANA DRAGOONS @ PROVO MANGO
08/28/2028
 
TOP OF THE 1ST
Louisiana Dragoons batting - Pitching for Provo Mango : RHP Nicolas Roche
Pitching: RHP Nicolas Roche
Batting: LHB Everett Wichmann 0-0: Foul Ball, location: 2F
0-1: Swinging Strike
0-2: Ball
1-2: Foul Ball, location: 2F
1-2: Ball
2-2: Ball
3-2: Ground out 1-3 (Groundball, 13S)
Batting: RHB David Martínez 0-0: Ground out 6-3 (Groundball, 6)
Batting: SHB Nobuhisa Hatoyama 0-0: Called Strike
0-1: Ball
1-1: Ball
2-1: Foul Ball, location: 2F
2-2: Foul Ball, location: 2F
2-2: Ball
3-2: DOUBLE (Line Drive, 7D)
Batting: RHB Jorge Alcantar 0-0: Fly out, F8 (Flyball, 8RM)
Top of the 1st over - 0 run(s), 1 hit(s), 0 error(s), 1 left on base; Louisiana 0 - Provo 0
BOTTOM OF THE 1ST
Provo Mango batting - Pitching for Louisiana Dragoons : RHP Omara Moctar
Pitching: RHP Omara Moctar
Batting: RHB Michael Sweeney 0-0: Foul Ball, location: 2F
0-1: Ball
1-1: Foul Ball, location: 2F
1-2: Ball
2-2: Fly out, F9 (Flyball, 9S)
Batting: RHB Hatui Haunani 0-0: Ball
1-0: Called Strike
1-1: Foul Ball, location: 2F
1-2: Ground out 6-3 (Groundball, 56)
Batting: RHB Guillermo Carrizales 0-0: Ball
1-0: Fly out, F8 (Flyball, 8LS)
Bottom of the 1st over - 0 run(s), 0 hit(s), 0 error(s), 0 left on base; Louisiana 0 - Provo 0
TOP OF THE 2ND
Louisiana Dragoons batting - Pitching for Provo Mango : RHP Nicolas Roche
Batting: RHB Samuel Perrier 0-0: Called Strike
0-1: SINGLE (Groundball, 6) (infield hit)
Batting: SHB Kilipaki Malamapono 0-0: Ball
1-0: Ball
Samuel Perrier steals 2nd base
2-0: Called Strike
2-1: Ball
3-1: DOUBLE (Line Drive, 9LM)
Samuel Perrier scores
Batting: RHB Pat Sizemore 0-0: Called Strike
0-1: Foul Ball, location: 2F
0-2: Fly out, F7 (Line Drive, 7)
Batting: SHB Ángel Costa 0-0: 2-RUN HOME RUN (Flyball, 89XD), Distance : 430 ft
Batting: RHB Greg Kennamer 0-0: Fly out, F5 (Popup, 5S)
Batting: LHB Everett Wichmann 0-0: Called Strike
0-1: Ball
1-1: Foul Ball, location: 2F
1-2: Strikes out looking
Top of the 2nd over - 3 run(s), 3 hit(s), 0 error(s), 0 left on base; Louisiana 3 - Provo 0
BOTTOM OF THE 2ND
Provo Mango batting - Pitching for Louisiana Dragoons : RHP Omara Moctar
Batting: RHB Xi-ku See-to 0-0: Ball
1-0: Ball
2-0: Foul Ball, location: 2F
2-1: Ball
3-1: Called Strike
3-2: Strikes out swinging
Batting: RHB Francisco Guerra 0-0: Called Strike
0-1: Swinging Strike
0-2: Ball
1-2: Ball
2-2: Foul Ball, location: 2F
2-2: Foul Ball, location: 2F
2-2: Strikes out swinging
Batting: SHB Tomás Solorzano 0-0: Ground out U3 (Groundball, 3L)
Bottom of the 2nd over - 0 run(s), 0 hit(s), 0 error(s), 0 left on base; Louisiana 3 - Provo 0
TOP OF THE 3RD
Louisiana Dragoons batting - Pitching for Provo Mango : RHP Nicolas Roche
Batting: RHB David Martínez 0-0: Ball
1-0: Fly out, F9 (Flyball, 9LMF)
Batting: SHB Nobuhisa Hatoyama 0-0: Called Strike
0-1: Swinging Strike
0-2: SINGLE (Flyball, 89S)
Batting: RHB Jorge Alcantar 0-0: Ball
Nobuhisa Hatoyama steals 2nd base
1-0: Ball
2-0: Ball
3-0: Base on Balls
Batting: RHB Samuel Perrier 0-0: Ball
Nobuhisa Hatoyama steals 3rd base
Jorge Alcantar to second
1-0: Foul Ball, location: 2F
1-1: Ball
2-1: Ball
3-1: Foul Ball, location: 2F
3-2: Ground out 5-3 (Groundball, 5)
Batting: SHB Kilipaki Malamapono 0-0: Called Strike
0-1: Swinging Strike
0-2: Ball
1-2: Ball
2-2: Strikes out swinging
Top of the 3rd over - 0 run(s), 1 hit(s), 0 error(s), 2 left on base; Louisiana 3 - Provo 0
BOTTOM OF THE 3RD
Provo Mango batting - Pitching for Louisiana Dragoons : RHP Omara Moctar
Batting: SHB Tommy Dreamer 0-0: Swinging Strike
0-1: Foul Ball, location: 2F
0-2: Fly out, F8 (Flyball, 8RD)
Batting: LHB Andrés Garza 0-0: Ground out 4-3 (Groundball, 4)
Batting: LHB Jesús De Jesús 0-0: Ball
1-0: SINGLE (Groundball, 56D)
Batting: RHB Michael Sweeney 0-0: Ball
1-0: Foul Ball, location: 2F
1-1: Fielders Choice at 2nd, 5-4 (Groundball, 5)
Bottom of the 3rd over - 0 run(s), 1 hit(s), 0 error(s), 0 left on base; Louisiana 3 - Provo 0
TOP OF THE 4TH
Louisiana Dragoons batting - Pitching for Provo Mango : RHP Nicolas Roche
Batting: RHB Pat Sizemore 0-0: Ball
1-0: Ground out 5-3 (Groundball, 56)
Batting: SHB Ángel Costa 0-0: Ball
1-0: Fly out, F8 (Line Drive, 8RM)
Batting: RHB Greg Kennamer 0-0: Ball
1-0: Ball
2-0: Called Strike
2-1: Ball
3-1: SINGLE (Groundball, 6D)
Batting: LHB Everett Wichmann 0-0: Called Strike
0-1: Called Strike
0-2: Reached on error, E4 (Groundball, 34)
Greg Kennamer to second
Batting: RHB David Martínez 0-0: Ball
1-0: Called Strike
1-1: Ball
2-1: Fly out, F7 (Flyball, 7)
Top of the 4th over - 0 run(s), 1 hit(s), 1 error(s), 2 left on base; Louisiana 3 - Provo 0
BOTTOM OF THE 4TH
Provo Mango batting - Pitching for Louisiana Dragoons : RHP Omara Moctar
Batting: RHB Hatui Haunani 0-0: Called Strike
0-1: Ball
1-1: SINGLE (Groundball, 56D)
Batting: RHB Guillermo Carrizales 0-0: Fielders Choice at 2nd, 5-4 (Groundball, 5L)
Batting: RHB Xi-ku See-to 0-0: Ball
1-0: Fly out, F2 (Popup, 34S)
Batting: RHB Francisco Guerra 0-0: Ball
1-0: Called Strike
1-1: Foul Ball, location: 2F
1-2: Ball
2-2: Foul Ball, location: 2F
2-2: SINGLE (Groundball, 4D)
Guillermo Carrizales to second
Runner from 2nd tries for 3rd, SAFE, throw made to third
Batting: SHB Tomás Solorzano 0-0: Ball
1-0: Called Strike
1-1: Ball
2-1: Ball
3-1: Fielders Choice at 2nd, 6-4 (Groundball, 6)
Bottom of the 4th over - 0 run(s), 2 hit(s), 0 error(s), 1 left on base; Louisiana 3 - Provo 0
TOP OF THE 5TH
Louisiana Dragoons batting - Pitching for Provo Mango : RHP Nicolas Roche
Batting: SHB Nobuhisa Hatoyama 0-0: Fly out, F7 (Flyball, 7LMF)
Batting: RHB Jorge Alcantar 0-0: SINGLE (Groundball, 5S) (infield hit)
Batting: RHB Samuel Perrier 0-0: Ball
Jorge Alcantar steals 2nd base
1-0: Foul Ball, location: 2F
1-1: Fly out, F8 (Flyball, 89S)
Batting: SHB Kilipaki Malamapono 0-0: Ball
1-0: Foul Ball, location: 2F
1-1: Ball
2-1: SINGLE (Line Drive, 4MD)
Jorge Alcantar to third
Runner from 3rd tries for Home, SAFE, no throw
Batting: RHB Pat Sizemore 0-0: Called Strike
Kilipaki Malamapono steals 2nd base
0-1: Ball
1-1: SINGLE (Groundball, 56D)
Kilipaki Malamapono to third
Runner from 3rd tries for Home, SAFE, no throw
Batting: SHB Ángel Costa 0-0: Called Strike
0-1: Ball
1-1: Fielders Choice at 2nd, 4-6 (Groundball, 4)
Top of the 5th over - 2 run(s), 3 hit(s), 0 error(s), 0 left on base; Louisiana 5 - Provo 0
BOTTOM OF THE 5TH
Provo Mango batting - Pitching for Louisiana Dragoons : RHP Omara Moctar
Batting: SHB Tommy Dreamer 0-0: Ball
1-0: Ball
2-0: Swinging Strike
2-1: Fly out, F5 (Popup, 5S)
Batting: LHB Andrés Garza 0-0: Swinging Strike
0-1: Called Strike
0-2: Strikes out swinging
Batting: LHB Jesús De Jesús 0-0: Ball
1-0: Foul Ball, location: 2F
1-1: Foul Ball, location: 2F
1-2: Ball
2-2: Strikes out looking
Bottom of the 5th over - 0 run(s), 0 hit(s), 0 error(s), 0 left on base; Louisiana 5 - Provo 0
TOP OF THE 6TH
Louisiana Dragoons batting - Pitching for Provo Mango : RHP Nicolas Roche
Pitching: RHP Pancho Mastache
Batting: RHB Greg Kennamer 0-0: Foul Ball, location: 2F
0-1: Foul Ball, location: 2F
0-2: Ball
1-2: Fly out, F8 (Line Drive, 8LM)
Batting: LHB Everett Wichmann 0-0: Ball
1-0: Swinging Strike
1-1: Ball
2-1: Ball
3-1: Swinging Strike
3-2: Strikes out swinging
Batting: RHB David Martínez 0-0: Ball
1-0: Foul Ball, location: 2F
1-1: Ball
2-1: Ball
3-1: Called Strike
3-2: Strikes out swinging
Top of the 6th over - 0 run(s), 0 hit(s), 0 error(s), 0 left on base; Louisiana 5 - Provo 0
BOTTOM OF THE 6TH
Provo Mango batting - Pitching for Louisiana Dragoons : RHP Omara Moctar
Batting: RHB Michael Sweeney 0-0: Ball
1-0: Swinging Strike
1-1: Called Strike
1-2: Ball
2-2: Strikes out swinging
Batting: RHB Hatui Haunani 0-0: Called Strike
0-1: Ball
1-1: Ball
2-1: Swinging Strike
2-2: Strikes out swinging
Batting: RHB Guillermo Carrizales 0-0: Ball
1-0: Ball
2-0: Foul Ball, location: 2F
2-1: Foul Ball, location: 2F
2-2: Ground out 1-3 (Groundball, 15S)
Bottom of the 6th over - 0 run(s), 0 hit(s), 0 error(s), 0 left on base; Louisiana 5 - Provo 0
TOP OF THE 7TH
Louisiana Dragoons batting - Pitching for Provo Mango : RHP Pancho Mastache
Batting: SHB Nobuhisa Hatoyama 0-0: Ball
1-0: Called Strike
1-1: Ground out 6-3 (Groundball, 6)
Batting: RHB Jorge Alcantar 0-0: Ball
1-0: Foul Ball, location: 2F
1-1: Ball
2-1: Swinging Strike
2-2: Hit by Pitch
Batting: RHB Samuel Perrier 0-0: Called Strike
0-1: Swinging Strike
0-2: Foul Ball, location: 2F
0-2: Ball
1-2: Strikes out swinging
Jorge Alcantar steals 2nd base
Batter strikes out.
Batting: SHB Kilipaki Malamapono 0-0: Called Strike
0-1: Ball
1-1: Swinging Strike
1-2: Foul Ball, location: 2F
1-2: Ball
2-2: Strikes out swinging
Top of the 7th over - 0 run(s), 0 hit(s), 0 error(s), 1 left on base; Louisiana 5 - Provo 0
BOTTOM OF THE 7TH
Provo Mango batting - Pitching for Louisiana Dragoons : RHP Omara Moctar
Now at SS: Tom Howell
Batting: RHB Xi-ku See-to 0-0: Ball
1-0: Foul Ball, location: 2F
1-1: Called Strike
1-2: Strikes out swinging passed ball, reaches first!
Batting: RHB Francisco Guerra 0-0: Ball
1-0: SINGLE (Flyball, 89S)
Xi-ku See-to to second
Batting: SHB Tomás Solorzano 0-0: Called Strike
0-1: Ball
1-1: Swinging Strike
1-2: Foul Ball, location: 2F
1-2: Ball
2-2: Strikes out swinging
Pitching: LHP Ki-heung Kim
Batting: SHB Tommy Dreamer 0-0: Ground out 5-3 (Groundball, 56S)
Xi-ku See-to to third
Francisco Guerra to second
Batting: LHB Andrés Garza 0-0: Foul Ball, location: 2F
0-1: Ball
1-1: Ground out U3 (Groundball, 34)
Bottom of the 7th over - 0 run(s), 1 hit(s), 0 error(s), 2 left on base; Louisiana 5 - Provo 0
TOP OF THE 8TH
Louisiana Dragoons batting - Pitching for Provo Mango : RHP Pancho Mastache
Batting: RHB Pat Sizemore 0-0: Ball
1-0: Ball
2-0: Swinging Strike
2-1: DOUBLE (Line Drive, 89M)
Batting: SHB Ángel Costa 0-0: Ball
1-0: Called Strike
1-1: Fly out, F7 (Flyball, 7S)
Batting: RHB Greg Kennamer 0-0: Foul Ball, location: 2F
0-1: Called Strike
0-2: Fly out, F8 (Flyball, 78M)
Batting: LHB Everett Wichmann 0-0: Called Strike
0-1: Ball
1-1: Reached on error, E8 (Flyball, 8LM)
Pat Sizemore scores
Batting: RHB David Martínez 0-0: Called Strike
0-1: Swinging Strike
0-2: Ground out 6-3 (Groundball, 6)
Top of the 8th over - 1 run(s), 1 hit(s), 1 error(s), 1 left on base; Louisiana 6 - Provo 0
BOTTOM OF THE 8TH
Provo Mango batting - Pitching for Louisiana Dragoons : LHP Ki-heung Kim
Now at C: Miguel Betancourt
Batting: LHB Jesús De Jesús 0-0: Fly out, F6 (Line Drive, 6M)
Batting: RHB Michael Sweeney 0-0: Ball
1-0: Ball
2-0: Called Strike
2-1: Ball
3-1: Called Strike
3-2: Foul Ball, location: 2F
3-2: Foul Ball, location: 2F
3-2: Base on Balls
Batting: RHB Hatui Haunani 0-0: Ball
Wild Pitch!
Michael Sweeney to second
1-0: Foul Ball, location: 2F
1-1: Foul Ball, location: 2F
1-2: Strikes out swinging
Batting: RHB Guillermo Carrizales 0-0: Ball
1-0: Swinging Strike
1-1: Ball
2-1: Ball
3-1: Base on Balls
Batting: RHB Xi-ku See-to 0-0: Called Strike
0-1: Ball
1-1: Ball
2-1: Fly out, F6 (Popup, 6D)
Bottom of the 8th over - 0 run(s), 0 hit(s), 0 error(s), 2 left on base; Louisiana 6 - Provo 0
TOP OF THE 9TH
Louisiana Dragoons batting - Pitching for Provo Mango : RHP Pancho Mastache
Pitching: RHP Juan Sánchez
Batting: SHB Nobuhisa Hatoyama 0-0: Foul Ball, location: 2F
0-1: Foul Ball, location: 2F
0-2: Ball
1-2: Strikes out looking
Batting: RHB Tom Howell 0-0: Ball
1-0: Ball
2-0: Ball
3-0: Called Strike
3-1: Swinging Strike
3-2: Foul Ball, location: 2F
3-2: Foul Ball, location: 2F
3-2: Foul Ball, location: 2F
3-2: Strikes out looking
Batting: RHB Samuel Perrier 0-0: Ball
1-0: Swinging Strike
1-1: Swinging Strike
1-2: Foul Ball, location: 2F
1-2: Fly out, F8 (Flyball, 8LD)
Top of the 9th over - 0 run(s), 0 hit(s), 0 error(s), 0 left on base; Louisiana 6 - Provo 0
BOTTOM OF THE 9TH
Provo Mango batting - Pitching for Louisiana Dragoons : LHP Ki-heung Kim
Batting: RHB Francisco Guerra 0-0: Ball
1-0: Ball
2-0: Ground out 6-3 (Groundball, 6S)
Batting: SHB Tomás Solorzano 0-0: Ball
1-0: Ball
2-0: Ball
3-0: Called Strike
3-1: Foul Ball, location: 2F
3-2: Base on Balls
Batting: SHB Tommy Dreamer 0-0: Ball
1-0: SINGLE (Groundball, 4MD)
Tomás Solorzano to second
Runner from 2nd tries for 3rd, SAFE, throw made to third
Tommy Dreamer to second
Batting: LHB Andrés Garza 0-0: Ball
1-0: Foul Ball, location: 2F
1-1: Swinging Strike
1-2: Foul Ball, location: 2F
1-2: SINGLE (Groundball, 6) (infield hit)
Tomás Solorzano scores
Tommy Dreamer to third
Pitching: RHP Gary Mason
Batting: LHB Jesús De Jesús 0-0: Ball
1-0: Foul Ball, location: 2F
1-1: Called Strike
1-2: Ball
2-2: Strikes out swinging
Batting: RHB Michael Sweeney 0-0: Ball
1-0: Ball
2-0: Fly out, F8 (Flyball, 8RXD)
Bottom of the 9th over - 1 run(s), 2 hit(s), 0 error(s), 2 left on base; Louisiana 6 - Provo 1
Wednesday, August 30th, 2017 - OOTP Baseball 17.12 Build 75